woodfighter, neutral female human Healer ------# |...*|# ------- ------ #.....|# -- |.....| |....| ###|.....# .| |.....| |....|# # |..[.|# ..| |......# |...<|##### .....|# .. ##......|# |....| # |....|# . # -------# |.....## ------##########@Z### ### # -.---- # # ------# # # # # ### |....|# # ### # # |....|# # # # ### |....|# # # # # |....-# # # # `### |..>.| ###------.--------- ### ----.-+- ------ #...............| # |......| |..............| ##.......| |.`............| |......| ---------------- -------- woodfighter the Empiric Experience level: 5 Strength: 11 Dexterity: 9 Constitution: 14 Intelligence: 10 Wisdom: 17 Charisma: 17 Health: 0(36) Energy: 51(51) Def: 2 Gold: 275 Moves: 2961 Dungeon seed: HlP6FzIaSZxZHK9p Game ID: woodfighter_1503910511 Your Inventory: Coins $ - 275 gold pieces Weapons a - a +0 scalpel (weapon in hand) Armor e - an uncursed +1 pair of leather gloves (being worn) y - an uncursed +0 dwarvish cloak Comestibles j - 4 blessed eucalyptus leaves k - 3 blessed sprigs of wolfsbane l - a blessed clove of garlic m - 6 uncursed apples t - 2 uncursed tripe rations Scrolls E - an uncursed scroll of enchant weapon I - an uncursed scroll of scare monster K - a cursed scroll of identify Q - an uncursed scroll of genocide T - a cursed scroll of enchant weapon U - an uncursed scroll of water V - an uncursed scroll of fire Spellbooks R - an uncursed spellbook of healing Potions c - 4 uncursed potions of healing d - 4 uncursed potions of extra healing p - a blessed potion of polymorph x - a cursed potion of hallucination C - a cursed potion of object detection D - an uncursed potion of water F - a blessed potion of object detection L - a blessed potion of gain level M - an uncursed potion of polymorph O - 3 uncursed potions of hallucination P - an uncursed potion of see invisible S - an uncursed potion of monster detection Rings v - a cursed ring of aggravate monster w - an uncursed ring of invisibility Wands f - a wand of sleep (0:4) G - a wand of enlightenment (0:15) Tools b - an uncursed stethoscope n - an uncursed skeleton key q - an uncursed blindfold Spells and supernatural/magical abilities: Name Level Category Fail Memory h - healing 1 healing 0% 86% x - extra healing 3 healing 27% 86% S - stone to flesh 3 healing 41% 86% W - pray for help -- divine ? -- Your skills at the end: Miscellaneous Skills wands [Basic] Weapon Skills knife [Basic] Spellcasting Skills healing spells [Basic] Final Attributes: You were devoutly aligned. You were poison resistant. You were telepathic. You were stealthy. You are dead. Vanquished creatures: a dust vortex a golden naga hatchling a gray ooze a floating eye a kitten a dwarf 5 hill orcs a rothe a rabid rat 2 jitterbugs a gas spore a hobbit a large kobold 2 geckos 3 giant rats a yellow mold a gnome zombie 5 jackals 3 newts 2 goblins 3 sewer rats 3 grid bugs 5 lichens 3 kobold zombies 49 creatures vanquished. Voluntary challenges: You did not adorn yourself with jewelry or accessories. You did not cause conflict. You were not invisible. You did not have reflection. You were not displaced. You used a wielded weapon 173 times, starting on turn 93. You did not use containers. You did not apply a unicorn horn. You did not use plumbed fixtures. You did not drink any magical draughts. You read items or engraved 2 times, starting on turn 1114. You never genocided any monsters. You never polymorphed an object. You never changed form. You used no wishes. You never split a pudding. You never wrote Elbereth's name. You never violated your personal moral code. Dungeon overview: The Dungeons of Doom: levels 1 to 9 Level 1 (box) a fountain a long staircase Level 2 Level 3 a general store, a fountain stairs to The Gnomish Mines Level 4 a fountain, a sink Level 5 a fountain Level 6 an altar to Athena Level 7 many fountains Level 8 <- You were here Level 9 The Gnomish Mines: Level 4 stairs to The Dungeons of Doom History has recorded: On T:1 you entered the Dungeons of Doom to retrieve the Amulet of Yendor! On T:356 you reached level 2 of The Dungeons of Doom. On T:564 you reached level 3 of The Dungeons of Doom. On T:636 you advanced to experience level 2. On T:901 you reached level 1 of The Gnomish Mines. On T:1215 you reached level 4 of The Dungeons of Doom. On T:1383 you advanced to experience level 3. On T:1444 you reached level 5 of The Dungeons of Doom. On T:1585 you prayed to Hermes. On T:1596 you advanced to experience level 4. On T:1617 you reached level 6 of The Dungeons of Doom. On T:2214 you reached level 7 of The Dungeons of Doom. On T:2380 you advanced to experience level 5. On T:2680 you reached level 8 of The Dungeons of Doom. On T:2792 you reached level 9 of The Dungeons of Doom. Score breakdown: Gold: 0 ( 0 points) Experience: 5 levels ( 400 points) Exploration: 9 levels ( 240 points) Discoveries: 19 items ( 950 points) Variety of kills: 24 monsters ( 1200 points) Major goal: (nothing yet) ( 0 points) Survival: died (score multiplied by 3) Total score: 8370 Latest messages: The rabid rat bites! You feel better. The rabid rat bites! You hack the rabid rat. The rabid rat is heavily wounded. The rabid rat bites! You slash the rabid rat. The rabid rat is horribly wounded. The rabid rat bites! You kill the rabid rat! You stop exploring. You slash the ghoul. The ghoul is lightly wounded. The ghoul scratches you! (2x) You slash the ghoul. The ghoul is moderately wounded. You slash the ghoul. The ghoul is moderately wounded. The ghoul scratches you! (2x) You slash the ghoul. The ghoul is moderately wounded. You hack the ghoul. The ghoul is moderately wounded. The ghoul scratches you! You are frozen by the ghoul! The ghoul scratches you! (9x) You die... Final status: Goodbye woodfighter the Healer, killed by a ghoul, while paralyzed by a monster's touch... You died in The Dungeons of Doom on dungeon level 8 with 8370 points, and 275 pieces of gold, after 2961 moves. You were level 5 with a maximum of 36 hit points when you died.